AoeStats
← Zortopos

Lombardia

509958523Analyzed
2v2 RM · 3d ago on Sep 28, 2026· 47m 15s· 4 players
Game mode
Random Map
Map size
Medium (4 player)
Population
200
Speed
Normal
Resources
Standard
Victory
Conquest
Starting age
Dark Age
Ending age
Imperial Age
RankedLock teamsTeams togetherTeam positionsShared explorationLock speedFull tech treeHidden civsTurbo modeCheats
Victory
Defeat
🇧🇷 Magyars · Brazil
1124
+15
🇹🇷 Poles · Türkiye
1077
+17
🇪🇸 Magyars · Spain
1108
-16
1093
-16
Genio de la lampara
7:19 Loom
10:25 Feudal Age
10:51 Arson
17:37 Wheelbarrow
20:10 Double-Bit Axe
25:43 Horse Collar
28:44 Castle Age
27:00 Bloodlines
28:00 Forging
27:51 Scale Mail Armor
27:42 Fletching
27:58 Scale Barding Armor
28:54 Pikeman
29:34 Squires
29:20 Gambesons
30:13 Iron Casting
29:54 Chain Mail Armor
33:53 Bodkin Arrow
36:08 Husbandry
40:26 Imperial Age
45:44 Heavy Plow
Messier46
8:41 Loom
11:05 Feudal Age
10:07 Loom
12:35 Wheelbarrow
17:36 Castle Age
17:30 Stone Mining
22:50 Husbandry
29:52 Pikeman
35:56 Corvinian Army
36:10 Bloodlines
38:00 Hand Cart
38:35 Fletching
38:51 Scale Barding Armor
42:12 Imperial Age
40:49 Gold Mining
41:05 Double-Bit Axe
41:51 Chain Barding Armor
42:58 Elite Magyar Huszar
Zortopos
9:32 Feudal Age
9:57 Double-Bit Axe
15:41 Forging
15:31 Scale Mail Armor
15:38 Scale Barding Armor
16:22 Horse Collar
17:22 Bloodlines
21:58 Castle Age
19:53 Gold Mining
20:50 Stone Mining
21:30 Bloodlines
21:59 Loom
23:22 Stone Shaft Mining
23:01 Bow Saw
25:10 Husbandry
28:12 Chain Barding Armor
28:05 Heavy Plow
29:19 Iron Casting
29:59 Wheelbarrow
30:17 Szlachta Privileges
37:06 Imperial Age
34:28 Town Watch
35:37 Masonry
35:08 Treadmill Crane
39:12 Squires
38:34 Cavalier
40:16 Blast Furnace
39:17 Scale Mail Armor
39:07 Fletching
41:02 Conscription
41:28 Hand Cart
43:23 Murder Holes
44:28 Chemistry
hugohugomoreira
9:02 Feudal Age
25:05 Castle Age
24:17 Double-Bit Axe
24:14 Horse Collar
26:56 Wheelbarrow
28:15 Hand Cart
28:49 Heavy Plow
30:15 Husbandry
31:51 Bloodlines
34:15 Thumb Ring
38:23 Imperial Age
36:02 Scale Barding Armor
36:18 Fletching
37:19 Gold Mining
37:23 Stone Mining
38:34 Chain Barding Armor
38:10 Bodkin Arrow
38:28 Cavalier
40:43 Plate Barding Armor
41:38 Gold Shaft Mining
41:35 Crop Rotation
42:45 Conscription
42:48 Paladin
45:34 Parthian Tactics
45:09 Pikeman
46:15 Bracer
46:15 Padded Archer Armor
Connection lost

Rejoining the realm…

Still unreachable

The connection could not be restored.

Session expired

The server has moved on; the page needs a fresh start.